 Dungeon Crawl Stone Soup version 0.29.1-2-gbd0b4ee654 (webtiles) character file.

Game seed: 3681015894068732074

633498 Avanven the Axe Maniac (level 27, -9/409 HPs)
             Began as a Hill Orc Fighter on Nov 6, 2022.
             Was the Champion of the Shining One.
             Killed from afar by Gloorx Vloq (15 damage)
             ... with a poison arrow
             ... in Pandemonium on Nov 7, 2022.
             The game lasted 04:54:13 (71971 turns).

Avanven the Axe Maniac (Hill Orc Fighter)          Turns: 71971, Time: 04:54:13

Health: -9/409     AC: 34    Str: 41    XL:     27
Magic:  40/40      EV: 19    Int:  8    God:    the Shining One [******]
Gold:   4352       SH: 21    Dex: 14    Spells: 24/26 levels left

rFire   + + .      SeeInvis +   T - +7 battleaxe "Bobuaxkau" {spect, rF++ rC- Will+ rCorr}
rCold   + + +      Faith    .   (shield currently unavailable)
rNeg    + + +      Spirit   .   N - +0 chain mail of the Forest {Drain rElec rC+++ Dex-5}
rPois   +          Reflect  +   S - +2 helmet {SInv}
rElec   +          Harm     .   v - +2 cloak
rCorr   +          Rampage  +   B - +2 pair of gloves {Dex+3}
Will    +++..      Rage     3%  D - +2 pair of boots of Xousem {Regen+ Dex+6}
Stlth   ..........              Z - amulet "Ope Sag" {Reflect Rampage Will- Str+8 SH+5}
HPRegen 1.58/turn               J - ring of Adoyteva {Fly rC+ Will+}
MPRegen 0.27/turn               X - ring "Xunuqiah" {rElec rPois rC+ SInv Stlth-}

@: mighty, berserking (expiring), lethally poisoned (-9 -> -12), divinely
shielded, flying, glowing, studying 2 skills, very quick
A: berserk 1
}: 4/15 runes: serpentine, barnacled, silver, abyssal
a: Renounce Religion, Divine Shield, Cleansing Flame, Summon Divine Warrior


You were in Pandemonium.
You worshipped the Shining One.
The Shining One was exalted by your worship.
You visited 12 branches of the dungeon, and saw 49 of its levels.
You visited Pandemonium 1 time, and saw 12 of its levels.
You visited the Abyss 1 time.
You visited 1 bazaar.

You collected 9704 gold pieces.
You spent 3125 gold pieces at shops.
You donated 2227 gold pieces to Zin.

Inventory:

Hand Weapons
 m - a +9 executioner's axe of holy wrath
 T - the +7 battleaxe "Bobuaxkau" (weapon) {spect, rF++ rC- Will+ rCorr}
   (You found it on level 4 of the Shoals)

   When its wielder attacks, the weapon's spirit leaps out and strikes again.
   The spirit shares a part of any damage it takes with its wielder.
   rF:        It greatly protects you from fire.
   rC:        It makes you vulnerable to cold.
   rCorr:     It protects you from acid and corrosion.
   Will:      It increases your willpower.
Missiles
 H - 4 throwing nets (quivered)
Armour
 g - +0 gold dragon scales
 v - a +2 cloak (worn)
 B - a +2 pair of gloves of dexterity (worn)
 D - the +2 pair of boots of Xousem (worn) {Regen+ Dex+6}
   (You bought it in a shop on level 2 of the Orcish Mines)

   Dex:       It affects your dexterity (+6).
   Regen:     It increases your rate of health regeneration.
 N - the +0 chain mail of the Forest (worn) {Drain rElec rC+++ Dex-5}
   (You bought it in a shop on level 2 of the Orcish Mines)

   Dex:       It affects your dexterity (-5).
   rC:        It renders you almost immune to cold.
   rElec:     It insulates you from electricity.
   Drain:     It drains your maximum health when unequipped.
 S - a +2 helmet of see invisible (worn)
Jewellery
 d - a ring of protection from fire
 s - the ring "Piwij" {rF+ rCorr Int+4 Dex+3}
   (You found it on level 3 of the Depths)

   [ring of protection from fire]

   Int:       It affects your intelligence (+4).
   Dex:       It affects your dexterity (+3).
   rF:        It protects you from fire.
   rCorr:     It protects you from acid and corrosion.
 x - the ring "Rofesir" {rF+ rCorr AC+4 Int-2}
   (You bought it in a shop on level 1 of the Snake Pit)

   [ring of protection]

   AC:        It affects your AC (+4).
   Int:       It affects your intelligence (-2).
   rF:        It protects you from fire.
   rCorr:     It protects you from acid and corrosion.
 E - a +4 ring of protection
 J - the ring of Adoyteva (left hand) {Fly rC+ Will+}
   (You bought it in a shop on level 2 of the Orcish Mines)

   [ring of flight]

   rC:        It protects you from cold.
   Fly:       It grants you flight.
   Will:      It increases your willpower.
 K - the ring of Gezanaucs {rN+ Will+}
   (You found it on level 3 of the Crypt)

   [ring of positive energy]

   rN:        It protects you from negative energy.
   Will:      It increases your willpower.
 O - the ring of Ishenkui {rF+ rN+}
   (You found it on level 3 of the Crypt)

   [ring of positive energy]

   rF:        It protects you from fire.
   rN:        It protects you from negative energy.
 Q - a ring of protection from cold
 X - the ring "Xunuqiah" (right hand) {rElec rPois rC+ SInv Stlth-}
   (You bought it in a shop on level 1 of the Snake Pit)

   [ring of protection from cold]

   rC:        It protects you from cold.
   rElec:     It insulates you from electricity.
   rPois:     It protects you from poison.
   SInv:      It lets you see invisible.
   Stlth:     It makes you less stealthy.
 Z - the amulet "Ope Sag" (around neck) {Reflect Rampage Will- Str+8 SH+5}
   (You took it off a deep elf elementalist on level 3 of the Elven Halls)

   [amulet of reflection]

   It reflects blocked missile attacks.
   Str:       It affects your strength (+8).
   SH:        It affects your SH (+5).
   Rampage:   It bestows one free step when moving towards enemies.
   Will:      It decreases your willpower.
Wands
 a - a wand of mindburst (24)
 b - a wand of roots (22)
 h - a wand of flame (97)
 w - a wand of paralysis (25)
 G - a wand of polymorph (15)
 I - a wand of light (9)
 Y - a wand of digging (9)
Scrolls
 c - 5 scrolls of poison
 e - 5 scrolls of brand weapon
 j - a scroll of blinking
 k - 2 scrolls of fog
 y - 3 scrolls of immolation
 A - 7 scrolls of teleportation
 C - 5 scrolls of amnesia
 F - 4 scrolls of fear
 M - 4 scrolls of enchant armour
 P - 4 scrolls of enchant weapon
 R - a scroll of magic mapping
Potions
 f - 8 potions of lignification
 i - 19 potions of curing
 l - 10 potions of cancellation
 n - 5 potions of resistance
 o - 6 potions of haste
 p - a potion of invisibility
 q - a potion of berserk rage
 r - 7 potions of magic
 t - 4 potions of ambrosia
 u - 9 potions of brilliance
 z - a potion of heal wounds
 W - 5 potions of might


   Skills:
 O Level 27 Fighting
 O Level 27 Axes
 O Level 27 Armour
 + Level 19.3 Dodging
 - Level 10.2 Shields
 O Level 27 Invocations


You had 24 spell levels left.
You knew the following spells:

 Your Spells              Type           Power      Damage    Failure   Level
a - Blink                 Tloc           0%         N/A       73%         2

Your spell library contained the following spells:

 Spells                   Type           Power      Damage    Failure   Level
 Apportation              Tloc           0%         N/A       58%         1
 Magic Dart               Conj           0%         1d3       58%         1
 Necrotise                Necr           0%         1d4       58%         1
 Sandblast                Erth           0%         2d4       58%         1
 Sting                    Tmut/Pois      0%         1d3       58%         1
 Summon Small Mammal      Summ           0%         N/A       58%         1
 Call Imp                 Summ           0%         N/A       73%         2
 Ensorcelled Hibernation  Hex/Ice        0%         N/A       73%         2
 Passwall                 Tmut/Erth      0%         N/A       73%         2
 Poisonous Vapours        Pois/Air       0%         N/A       73%         2
 Searing Ray              Conj           0%         2d4       73%         2
 Static Discharge         Conj/Air       0%         3-3/arc   73%         2
 Sublimation of Blood     Necr           0%         N/A       73%         2
 Call Canine Familiar     Summ           0%         N/A       91%         3
 Conjure Flame            Conj/Fire      0%         6-21      91%         3
 Dazzling Flash           Conj/Hex       0%         N/A       91%         3
 Gell's Gravitas          Tloc           0%         N/A       91%         3
 Ignite Poison            Fire/Tmut/Pois 0%         N/A       91%         3
 Lesser Beckoning         Tloc           0%         N/A       91%         3
 Mephitic Cloud           Conj/Pois/Air  0%         N/A       91%         3
 Ozocubu's Armour         Ice            0%         N/A       91%         3
 Portal Projectile        Hex/Tloc       0%         N/A       91%         3
 Spider Form              Tmut/Pois      0%         N/A       91%         3
 Stone Arrow              Conj/Erth      0%         3d7       91%         3
 Swiftness                Air            0%         N/A       91%         3
 Teleport Other           Tloc           0%         N/A       91%         3
 Tukima's Dance           Hex            0%         N/A       91%         3
 Vampiric Draining        Necr           0%         2d6       91%         3
 Airstrike                Air            0%         2d(0-16)  100%        4
 Anguish                  Hex/Necr       0%         N/A       100%        4
 Animate Armour           Summ/Erth      0%         N/A       100%        4
 Animate Dead             Necr           0%         N/A       100%        4
 Corpse Rot               Necr/Pois/Air  0%         N/A       100%        4
 Dispel Undead            Necr           0%         3d6       100%        4
 Fulminant Prism          Conj/Hex       0%         3d6       100%        4
 Hailstorm                Conj/Ice       0%         3d3       100%        4
 Leda's Liquefaction      Hex/Erth       0%         N/A       100%        4
 Olgreb's Toxic Radiance  Pois           0%         N/A       100%        4
 Passage of Golubria      Tloc           0%         N/A       100%        4
 Petrify                  Tmut/Erth      0%         N/A       100%        4
 Sticky Flame             Conj/Fire      0%         2d3       100%        4
 Summon Ice Beast         Ice/Summ       0%         N/A       100%        4
 Summon Lightning Spire   Summ/Air       0%         N/A       100%        4
 Agony                    Necr           0%         N/A       100%        5
 Blade Hands              Tmut           0%         N/A       100%        5
 Borgnjor's Vile Clutch   Necr/Erth      0%         N/A       100%        5
 Irradiate                Conj/Tmut      0%         3d11      100%        5
 Iskenderun's Battlesphe  Conj           0%         2d6       100%        5
 Lightning Bolt           Conj/Air       0%         1d11      100%        5
 Manifold Assault         Tloc           0%         N/A       100%        5
 Metabolic Englaciation   Hex/Ice        0%         N/A       100%        5
 Silence                  Hex/Air        0%         N/A       100%        5
 Summon Forest            Summ/Tloc      0%         N/A       100%        5
 Summon Mana Viper        Hex/Summ       0%         N/A       100%        5
 Conjure Ball Lightning   Conj/Air       0%         3x3d6     100%        6
 Death Channel            Necr           0%         N/A       100%        6
 Eringya's Noxious Bog    Tmut/Pois      0%         N/A       100%        6
 Iron Shot                Conj/Erth      0%         9d1       100%        6
 Simulacrum               Ice/Necr       0%         N/A       100%        6
 Malign Gateway           Summ/Tloc      0%         N/A       100%        7
 Monstrous Menagerie      Summ           0%         N/A       100%        7
 Spellforged Servitor     Conj/Summ      0%         N/A       100%        7
 Storm Form               Tmut/Air       0%         N/A       100%        7
 Summon Hydra             Summ           0%         N/A       100%        7
 Lehudib's Crystal Spear  Conj/Erth      0%         10d2      100%        8
 Maxwell's Capacitive Co  Air            0%         ∞         100%        8
 Chain Lightning          Conj/Air       0%         N/A       100%        9
 Fire Storm               Conj/Fire      0%         5d1       100%        9
 Shatter                  Erth           0%         3d5*      100%        9


Dungeon Overview and Level Annotations

Branches:
Dungeon (15/15)            Temple (1/1) D:7            Lair (5/5) D:9
 Shoals (4/4) Lair:2        Snake (4/4) Lair:2        Slime (2/5) Lair:4
    Orc (2/2) D:12            Elf (3/3) Orc:2        Vaults (5/5) D:13
  Crypt (3/3) Vaults:2       Tomb (0/3) Crypt:3      Depths (4/4) D:15
   Hell (visited)             Dis (0/7) Hell            Geh (0/7) Hell
    Coc (0/7) Hell            Tar (0/7) Hell            Zot (0/5) Depths:4

Altars:
Ashenzari
Cheibriados
Dithmenos
Elyvilon
Fedhas
Gozag
Hepliaklqana
Kikubaaqudgha
Makhleb
Nemelex Xobeh
Okawaru
Qazlal
Ru
Sif Muna
Trog
Uskayaw
Vehumet
Wu Jian
Xom
Yredelemnul
Zin
The Shining One
Beogh
Jiyva

Shops:
D:7 (   D:10 *   D:14 (   Orc:2 !![=   Elf:2 !   Elf:3 (   Shoals:1 *
Snake:1 :=:   Snake:2 [!   Snake:3 [   Snake:4 ==[:

Portals:
Hell: Depths:1 Depths:2 Depths:3 Depths:4
Abyss: Depths:1 Depths:3
Pandemonium: Orc:2 Depths:2
Ziggurat: Depths:1

Annotations:
D:11 2 transporters, exclusion: oklob plant, TeapotKnight's ghost, journeyman GrFi
D:14 6 transporters
Lair:4 exclusion: 4 oklob plants
Shoals:1 3 runed translucent doors, exclusion: obsidian statue, Mlioglotl; topfpfpflanze's ghost, adept OpMo
Vaults:1 2 runed translucent doors, matti1234's ghost, adept KoEn
Crypt:1 1 runed translucent door, Roocroe's ghost, veteran MiGl
Pan Gloorx Vloq


Innate Abilities, Weirdness & Mutations

You sometimes lose your temper in combat.


Message History

The Executioner barely misses your +7 battleaxe "Bobuaxkau" {spect, rF++ rC- Will+ rCorr}. x2
The Executioner hits your +7 battleaxe "Bobuaxkau" {spect, rF++ rC- Will+ rCorr}. x2
Your spectral weapon shares its damage with you!
* * * LOW HITPOINT WARNING * * *
The Executioner hits your +7 battleaxe "Bobuaxkau" {spect, rF++ rC- Will+ rCorr}.
Your spectral weapon shares its damage with you!
* * * LOW HITPOINT WARNING * * *
You block Gloorx Vloq's attack.
The soul eater closely misses your daeva.
The Executioner hits your +7 battleaxe "Bobuaxkau" {spect, rF++ rC- Will+ rCorr}!!
Your spectral weapon shares its damage with you!
Your +7 battleaxe "Bobuaxkau" {spect, rF++ rC- Will+ rCorr} fades away.
* * * LOW HITPOINT WARNING * * *
Your daeva calls down the wrath of the Shining One upon Gloorx Vloq.
Gloorx Vloq is smitten.
The curse skull rattles its jaw.
Unknown command.
Unknown command.
Unknown command.
Unknown command.
Gloorx Vloq attacks as you move away! Gloorx Vloq hits you!
* * * LOW HITPOINT WARNING * * *
Your daeva blocks the Executioner's attack.
The Executioner hits your daeva but does no damage.
The Executioner misses your daeva. Gloorx Vloq hits you!
* * * LOW HITPOINT WARNING * * *
The soul eater hits your daeva!
Your daeva dies!
Your daeva dissolves into sparkling lights!
There is an open gate here.
You slash Gloorx Vloq!
Gloorx Vloq is almost dead.
You slash the flying skull!
Your +7 battleaxe "Bobuaxkau" {spect, rF++ rC- Will+ rCorr} closely misses the flying skull.
Your +7 battleaxe "Bobuaxkau" {spect, rF++ rC- Will+ rCorr} barely misses Gloorx Vloq.
Gloorx Vloq gestures at you. The poison arrow hits you!
You are poisoned.
You partially resist.
You die...

###########
##.........####
..............####
...##'(@##.......###
#1z&#####......###
#311# ####.....##
#..z.. ###....##
#3#.Z.#. ###.#.#
#.#.....#. ##...
#.#.#...# #. #.#.#
.#.#..... #. #..#.
.#.#...# #. #.#.#


You could see Gloorx Vloq, 3 Executioners, 2 soul eaters, a curse skull, a
flying skull (summoned), an iron dragon zombie (summoned) and a friendly +7
battleaxe "Bobuaxkau" {spect, rF++ rC- Will+ rCorr} (summoned).

Vanquished Creatures
  2 dread liches
  3 ancient liches
  Mennas (Pan)
  A juggernaut (Depths:1)
  Boris (Vaults:4)
  Saint Roka (Depths:1)
  A caustic shrike (shapeshifter) (Vaults:5)
  Bai Suzhen (Arena)
  Geryon (Hell)
  4 golden dragons
  4 bone dragons
  A Brimstone Fiend (Pan)
  A Tzitzimitl (Pan)
  4 pandemonium lords (Pan)
  A Hell Sentinel (Pan)
  2 Ice Fiends (Pan)
  2 tentacled monstrosities
  A shard shrike skeleton (Crypt:1)
  Zenata (Crypt:1)
  11 liches
  2 walking earthen tomes
  3 deep elf master archers
  18 titans
  7 quicksilver dragons
  9 Executioners (Pan)
  Asterion (Depths:1)
  4 deep elf blademasters
  5 acid blobs
  2 ancient champions
  8 sphinxes
  2 shadow dragons (Vaults:5)
  A thorn hunter (Abyss:5)
  The ghost of Anriel the Fencer, an adept HuGl of Okawaru (Snake:1)
  Donald (Vaults:3)
  A tentacled starspawn (Abyss:4)
  10 tengu reavers
  7 nagarajas
  21 fire giants
  2 demonspawn warmongers (Pan)
  4 revenants
  3 rockslimes
  2 azure jellies (Slime:2)
  10 deep elf sorcerers
  Ilsuiw (Arena)
  23 vault wardens
  A caustic shrike zombie (Depths:3)
  18 frost giants
  8 cacodemons
  Aizul (Shoals:1)
  2 orc warlords
  3 iron dragons
  A ghost moth (Vaults:1)
  3 balrugs
  4 curse skulls (Crypt:1)
  A draconian shifter (Depths:4)
  18 ironbound preservers
  5 deep elf elementalists (Elf:3)
  3 caustic shrike skeletons
  4 demonspawn corrupters (Pan)
  33 very ugly things
  A ghoul (Crypt:1)
  4 demonspawn blood saints (Pan)
  10 reapers
  9 war gargoyles
  5 quicksilver oozes
  2 ironbound thunderhulks (Vaults:1)
  20 stone giants
  4 spriggan defenders
  8 vampire knights
  A green draconian (Crypt:2)
  4 deep elf demonologists
  4 purple draconians
  3 black draconians
  12 spark wasps
  7 dire elephants
  A demonspawn black sun (Pan)
  8 deep elf annihilators
  3 entropy weavers
  5 lorocyprocas (Pan)
  4 white draconians
  A dire elephant (shapeshifter) (Vaults:5)
  6 yellow draconians
  4 red draconians
  3 blizzard demons
  16 ettins
  5 green deaths
  A mummy priest (Hell)
  10 jiangshi
  3 eidola
  9 fire dragons
  2 quicksilver dragon zombies
  3 merfolk javelineers (Shoals:4)
  8 merfolk impalers
  A shambling mangrove (Abyss:5)
  Snorg (Lair:4)
  A crystal guardian (Vaults:4)
  9 deep elf death magi
  A pearl dragon skeleton (Crypt:1)
  4 great orbs of eyes
  Erolcha (D:9)
  A deep elf high priest (Elf:3)
  The ghost of oldnick the Grappler, a journeyman TrFi of Hepliaklqana (D:8)
  8 boulder beetles
  19 yaktaur captains
  32 vault guards
  A quicksilver dragon skeleton (Crypt:1)
  11 ice dragons
  2 salamander tyrants
  5 catoblepae
  5 rakshasas
  6 spriggan air magi
  2 peacekeepers (Vaults:4)
  5 hydras
  A radroach (shapeshifter) (Vaults:5)
  3 alligator snapping turtles
  9 anacondas
  3 ironbound frosthearts
  3 demonspawn (Orc:2)
  2 two-headed ogres (D:13)
  3 fenstrider witch skeletons
  4 hell beasts
  4 death knights
  20 centaur warriors
  2 merfolk aquamancers (Shoals:4)
  6 satyrs
  3 merfolk avatars
  7 death yaks (Lair:5)
  11 deep troll shamans
  14 naga warriors
  A thrashing horror (Abyss:4)
  7 vampire magi
  An Orb Guardian skeleton (Crypt:2)
  6 tengu warriors
  26 dancing weapons
  4 hell hogs
  12 deep troll earth magi
  8 shock serpents
  Urug (Lair:4)
  5 spriggan berserkers
  An emperor scorpion zombie (Crypt:1)
  5 spriggans
  A hellephant skeleton (Crypt:1)
  6 orc high priests (Orc:2)
  9 naga sharpshooters
  22 hell knights
  29 soul eaters
  Nergalle (Orc:1)
  2 titan skeletons
  16 iron trolls
  23 deep elf knights
  17 sun demons
  3 storm dragon skeletons
  31 skeletal warriors
  2 sea snakes (Shoals:4)
  A bunyip zombie (Crypt:1)
  13 sixfirhies
  Amaemon (D:11)
  3 salamander mystics
  A wretched star (Abyss:5)
  A death drake (shapeshifter) (Vaults:3)
  An iron giant zombie (Crypt:1)
  4 shadow demons (Pan)
  2 spark wasp zombies (Hell)
  A golden dragon zombie (Hell)
  6 shadow wraiths
  2 anaconda zombies
  71 deep trolls
  5 glowing orange brains
  A swamp dragon (shapeshifter) (Vaults:5)
  8 lindwurms
  5 flayed ghosts
  A quicksilver dragon simulacrum (Depths:4)
  3 bunyip skeletons
  3 tengu zombies
  9 wizards
  31 deep elf archers
  4 naga ritualists
  15 ironbound convokers
  16 orc knights
  22 harpies
  30 deep elf zephyrmancers
  An anaconda skeleton (Crypt:3)
  6 mana vipers
  40 deep elf pyromancers
  11 orc sorcerers
  11 fauns
  A human zombie (Vaults:3)
  8 necromancers
  A shadow dragon skeleton (Vaults:3)
  7 cyclopes
  12 phantasmal warriors
  17 manticores
  6 shining eyes (Slime:2)
  2 frost giant zombies (Hell)
  40 ugly things
  19 salamanders
  2 frost giant skeletons
  3 worldbinders (Abyss:5)
  6 guardian serpents
  6 merfolk sirens
  5 fire giant skeletons (Crypt:3)
  12 smoke demons
  10 rust devils
  A naga zombie (Crypt:1)
  4 water nymphs
  3 centaur zombies (Crypt:3)
  8 naga magi
  3 molten gargoyles (Hell)
  35 black mambas
  A torpor snail (shapeshifter) (Depths:2)
  A centaur skeleton (Crypt:3)
  4 gargoyles (Crypt:3)
  18 elephants
  26 vault sentinels
  17 orange demons
  An alligator snapping turtle zombie (Crypt:3)
  A green draconian zombie (Crypt:2)
  2 torpor snails
  2 hellions
  6 unseen horrors
  2 rime drakes
  8 cane toads
  2 dire elephant skeletons
  32 yaktaurs
  11 komodo dragons
  A demonic crawler (Pan)
  A steelbarb worm zombie (Crypt:1)
  6 hellwings (Pan)
  An efreet (Abyss:5)
  6 freezing wraiths
  A spriggan zombie (Hell)
  A tormentor (Pan)
  7 tengu conjurers
  An ice devil (Pan)
  A yaktaur (shapeshifter) (Depths:3)
  A catoblepas skeleton (Crypt:1)
  A golden dragon simulacrum (Depths:3)
  A sea snake skeleton (Hell)
  A hydra zombie (Hell)
  3 red devils
  29 merfolk
  A wind drake (shapeshifter) (Elf:2)
  A meliai (shapeshifter) (Elf:1)
  11 hornets
  5 polar bears
  6 trolls
  3 wind drakes
  A raiju (Abyss:4)
  A slime creature (shapeshifter) (D:13)
  12 blink frogs
  56 slime creatures
  3 harpy skeletons
  11 large abominations
  22 dream sheep
  3 hydra skeletons (Hell)
  An ettin zombie (Vaults:3)
  3 snapping turtles
  10 fire dragon skeletons (Crypt:3)
  An iron dragon simulacrum (Depths:1)
  4 air elementals
  2 centaur simulacra
  A flying skull (Crypt:1)
  An ettin skeleton (Crypt:3)
  17 ynoxinuls (Pan)
  3 shadows
  11 wraiths
  3 wyverns
  66 yaks
  7 vampires
  2 basilisks
  2 steam dragons (D:8)
  16 humans (D:13)
  8 water elementals
  4 fire elementals
  4 small abominations (Abyss:4)
  2 redbacks (Vaults:5)
  13 chaos spawn (Pan)
  Grum (D:10)
  5 neqoxecs
  28 nagas
  4 wargs
  A harpy simulacrum (Crypt:1)
  2 glowing shapeshifter zombies
  16 water moccasins
  3 floating eyes
  3 acid dragons
  A naga skeleton (Crypt:3)
  4 hell hounds (Hell)
  A water moccasin (shapeshifter) (Vaults:5)
  A floating eye (shapeshifter) (D:14)
  2 ice beasts
  A floating eye zombie (Depths:1)
  3 black bears
  39 orc warriors
  10 starcursed masses (Abyss:4)
  A swamp dragon zombie (Crypt:3)
  10 ogres
  6 wolves
  4 boggarts (Lair:5)
  A fire dragon simulacrum (Crypt:1)
  11 centaurs
  3 phantoms
  A hog skeleton (Crypt:2)
  3 bullfrogs
  A kobold brigand (D:9)
  2 necrophages
  7 scorpions
  A cyclops zombie (Crypt:2)
  3 gnoll sergeants
  3 earth elementals (Elf:2)
  26 wights
  A queen bee zombie (Crypt:1)
  14 killer bees
  A raiju skeleton (Crypt:1)
  3 howler monkeys
  3 electric eels
  3 jellies
  37 orc priests
  3 hounds
  4 iguanas
  25 orc wizards
  9 hell rats
  A deep dwarf zombie (Crypt:1)
  Robin (D:4)
  10 gnolls
  6 adders
  A shadow imp (D:7)
  2 white imps (D:7)
  An adder skeleton (Crypt:2)
  A worm (D:5)
  101 orcs
  4 endoplasms
  6 giant cockroaches
  12 goblins
  19 hobgoblins
  5 quokkas
  8 ball pythons
  17 bats
  3 frilled lizards
  15 kobolds
  2 rats
  A ball lightning (Pan)
  3 starspawn tentacles (Abyss:4)
  4 withered plants (Crypt:3)
2520 creatures vanquished.

Vanquished Creatures (collateral kills)
  Boris (Vaults:5)
  An Ice Fiend (Pan)
  2 titans (Crypt:3)
  2 Executioners (Pan)
  A vault warden (Vaults:5)
  An iron dragon (Hell)
  A demonspawn warmonger (Pan)
  2 frost giants
  A cacodemon (Pan)
  3 curse skulls
  2 stone giants
  A juggernaut zombie (Hell)
  2 very ugly things (Depths:4)
  2 vampire knights
  A demonspawn black sun (Pan)
  A spark wasp (Depths:1)
  A purple draconian (Crypt:3)
  A green death (Pan)
  A blizzard demon (Hell)
  A jiangshi (Crypt:3)
  A pearl dragon skeleton (Crypt:1)
  A hell hog (Hell)
  A hell knight (Hell)
  A sun demon (Hell)
  A sixfirhy (Pan)
  2 skeletal warriors (Crypt:1)
  A titan skeleton (Crypt:3)
  5 deep trolls
  A shadow dragon zombie (Depths:3)
  2 deep elf archers
  2 necromancers (Hell)
  An ugly thing (Depths:4)
  A fire giant skeleton (Crypt:3)
  2 rust devils (Hell)
  An orange demon (Pan)
  A molten gargoyle (Hell)
  A smoke demon (Hell)
  An anaconda simulacrum (Hell)
  A freezing wraith (Hell)
  A hellwing (Pan)
  A large abomination (Pan)
  An alligator zombie (Hell)
  A spriggan zombie (Hell)
  A flying skull (Crypt:1)
  A vampire (Crypt:3)
  2 shadows (Crypt:3)
  A chaos spawn (Pan)
  A neqoxec (Pan)
  An orc warrior (Depths:1)
  A hell rat (Hell)
  An orc (Depths:1)
68 creatures vanquished.

Vanquished Creatures (others)
  A demonspawn blood saint (Pan)
  A wizard (Vaults:1)
  A deep elf zephyrmancer (Elf:1)
  A water elemental (Abyss:5)
  A chaos spawn (Pan)
  A neqoxec (Pan)
  A lava snake skeleton (Crypt:2)
  2 ball lightnings (Pan)
  4 bushes (Lair:4)
  59 fungi
  A lurking horror (Abyss:5)
  287 plants
  A starspawn tentacle (Abyss:4)
  11 withered plants (Crypt:3)
372 creatures vanquished.

Grand Total: 2960 creatures vanquished

Notes
Turn   | Place    | Note
-------+----------+-------------------------------------------
     0 | D:1      | Avanven the Hill Orc Fighter began the quest for the Orb.
     0 | D:1      | Reached XP level 1. HP: 19/19 MP: 1/1
   129 | D:1      | Reached XP level 2. HP: 26/27 MP: 2/2
   791 | D:1      | Reached XP level 3. HP: 33/33 MP: 3/3
   791 | D:1      | Found a faded altar of an unknown god.
  1040 | D:2      | Found a snail-covered altar of Cheibriados.
  1708 | D:3      | Reached XP level 4. HP: 41/41 MP: 4/4
  1717 | D:3      | Reached skill level 5 in Axes
  1914 | D:3      | Found a sacrificial altar of Ru.
  2576 | D:4      | Reached XP level 5. HP: 32/47 MP: 5/5
  2826 | D:4      | Noticed a phantom
  2831 | D:4      | Noticed Robin
  2843 | D:4      | Killed a phantom
  2844 | D:4      | Reached skill level 5 in Fighting
  2855 | D:4      | Killed Robin
  2856 | D:4      | Reached XP level 6. HP: 38/56 MP: 6/6
  3676 | D:5      | Entered Level 5 of the Dungeon
  3700 | D:5      | Identified the +2 chain mail of Omission {Dex+2}
  3821 | D:5      | Reached XP level 7. HP: 48/63 MP: 7/7
  4045 | D:5      | Found a shimmering blue altar of Sif Muna.
  4512 | D:5      | Found a broken altar of Ashenzari.
  4689 | D:6      | Reached XP level 8. HP: 63/73 MP: 8/8
  4792 | D:6      | Found an ornate altar of the Wu Jian Council.
  4812 | D:6      | Reached skill level 10 in Axes
  5095 | D:6      | You fall into a shaft and drop 3 floors!
  5129 | D:9      | Noticed a troll
  5180 | D:9      | Noticed a yak
  5184 | D:9      | Noticed a yak
  5190 | D:9      | Found a staircase to the Lair.
  5196 | Lair:1   | Entered Level 1 of the Lair of Beasts
  5233 | Lair:1   | Noticed an elephant
  5528 | D:9      | Noticed Erolcha
  5537 | D:9      | Killed Erolcha
  5538 | D:9      | Reached XP level 9. HP: 9/83 MP: 9/9
  6175 | D:9      | Found the +7 Singing Sword {vorpal, sonic wave}
  6379 | D:9      | Found a radiant altar of Vehumet.
  6426 | D:9      | Killed a troll
  6490 | D:8      | Found an iron altar of Okawaru.
  6499 | D:8      | Became a worshipper of Warmaster Okawaru
  6653 | D:8      | Reached skill level 10 in Fighting
  6765 | D:8      | Reached * piety under Okawaru
  6766 | D:8      | Reached XP level 10. HP: 71/93 MP: 10/10
  6771 | D:8      | Reached skill level 15 in Axes
  7057 | D:7      | Reached ** piety under Okawaru
  7172 | D:7      | Reached skill level 5 in Armour
  7659 | D:7      | Found Dasem's Antique Weapon Boutique.
  7951 | D:7      | Found a staircase to the Ecumenical Temple.
  7981 | Temple   | Entered the Ecumenical Temple
  8421 | D:6      | Found a shadowy altar of Dithmenos.
  8657 | D:6      | Found an opulent altar of Gozag.
  8776 | D:8      | Found a runed translucent gate.
  8776 | D:8      | Found a runed translucent gate.
  8776 | D:8      | Found a runed translucent gate.
  8817 | D:8      | Reached *** piety under Okawaru
  8966 | D:8      | Found a burning altar of Makhleb.
  9180 | D:8      | Paralysed by a hornet for 3 turns
  9555 | D:8      | Reached XP level 11. HP: 87/99 MP: 8/11
  9570 | D:8      | Paralysed by a hornet for 3 turns
  9608 | D:8      | HP: 4/99 [orc warrior/+0 long sword (6)]
 10140 | D:8      | Noticed oldnick's ghost (journeyman TrFi)
 10654 | D:9      | Reached **** piety under Okawaru
 11656 | D:10     | Entered Level 10 of the Dungeon
 11955 | Lair:1   | Reached ***** piety under Okawaru
 12256 | Lair:1   | Noticed a catoblepas
 12294 | Lair:1   | Killed a catoblepas
 12421 | Lair:1   | Identified the +1 chain mail "Wociov" {Rampage rN+ Dex+3
                  | Stlth-} (Okawaru gifted it to you on level 1 of the Lair of
                  | Beasts)
 12421 | Lair:1   | Received a gift from Okawaru
 12832 | Lair:1   | Noticed a boulder beetle
 12861 | Lair:1   | Killed a boulder beetle
 12862 | Lair:1   | Reached XP level 12. HP: 28/106 MP: 12/12
 14598 | Lair:2   | Found a staircase to the Snake Pit.
 14927 | Lair:2   | Reached skill level 10 in Armour
 15861 | Lair:2   | Found a staircase to the Shoals.
 16850 | Lair:3   | Received a gift from Okawaru
 16851 | Lair:3   | Reached skill level 5 in Shields
 17664 | Lair:4   | Noticed a six-headed hydra
 17674 | Lair:4   | Killed a two-headed hydra
 17752 | Lair:4   | Noticed Snorg
 17771 | Lair:4   | Killed Snorg
 18128 | Lair:4   | Reached XP level 13. HP: 94/113 MP: 13/13
 18364 | Lair:4   | Found a viscous altar of Jiyva.
 18364 | Lair:4   | Found a staircase to the Slime Pits.
 18569 | Lair:4   | Noticed Urug
 18580 | Lair:4   | Killed Urug
 18772 | Lair:5   | Entered Level 5 of the Lair of Beasts
 19706 | Lair:4   | Paralysed by a floating eye for 4 turns
 21487 | Lair:4   | Received a gift from Okawaru
 22342 | Lair:5   | Reached XP level 14. HP: 112/121 MP: 14/14
 22857 | Lair:5   | Reached skill level 10 in Shields
 22866 | Lair:5   | Reached ****** piety under Okawaru
 23092 | Lair:5   | Identified the +9 battleaxe "No More Talking" {flame,
                  | Str+5} (Okawaru gifted it to you on level 5 of the Lair of
                  | Beasts)
 23092 | Lair:5   | Received a gift from Okawaru
 23866 | D:10     | Found Waxtoyno's Assorted Antiques.
 24138 | D:10     | Found a hide-covered altar of Uskayaw.
 24146 | D:10     | Found a shimmering altar of Xom.
 24154 | D:10     | Found a snail-covered altar of Cheibriados.
 24158 | D:10     | Found a blossoming altar of Fedhas.
 24162 | D:10     | Found a hazy altar of Hepliaklqana.
 24168 | D:10     | Found a basalt altar of Yredelemnul.
 24327 | D:10     | Noticed Grum
 24347 | D:10     | Killed Grum
 24607 | D:11     | Noticed Amaemon
 24947 | D:11     | Killed Amaemon
 25013 | D:11     | Found a transporter.
 25051 | D:11     | Noticed TeapotKnight's ghost (journeyman GrFi)
 25110 | D:11     | Found a transporter.
 25705 | D:12     | Found a roughly hewn altar of Beogh.
 25712 | D:12     | Reached XP level 15. HP: 88/126 MP: 12/15
 25842 | D:12     | Found a staircase to the Orcish Mines.
 26330 | D:13     | Received a gift from Okawaru
 26535 | D:13     | Found a gate to the Vaults.
 26687 | D:13     | Found a white marble altar of Elyvilon.
 27283 | D:13     | Identified the +0 scale mail of Heocsethrash {Harm}
 27466 | D:14     | Found Mecit's Weapon Boutique.
 27480 | D:14     | Reached skill level 27 in Axes
 27632 | D:14     | Found a sparkling altar of Nemelex Xobeh.
 27633 | D:14     | Found a transporter.
 27633 | D:14     | Found a transporter.
 27636 | D:14     | Found a transporter.
 27637 | D:14     | Found a transporter.
 27637 | D:14     | Noticed a juggernaut
 27639 | D:14     | Found a transporter.
 27646 | D:14     | Found a transporter.
 27879 | D:14     | Received a gift from Okawaru
 28065 | D:14     | Found a broken altar of Ashenzari.
 28119 | D:14     | Identified the +5 morningstar of Embarrassment {spect,
                  | Drain +Blink rPois rF+}
 28251 | D:15     | Entered Level 15 of the Dungeon
 28854 | D:15     | Identified the +0 helmet of Zeseirph {rCorr} (Okawaru
                  | gifted it to you on level 15 of the Dungeon)
 28854 | D:15     | Received a gift from Okawaru
 29030 | D:15     | Found a staircase to the Depths.
 29301 | Orc:1    | Entered Level 1 of the Orcish Mines
 29301 | Orc:1    | Noticed Nergalle
 29312 | Orc:1    | Killed Nergalle
 29390 | Orc:2    | Entered Level 2 of the Orcish Mines
 29719 | Orc:2    | Reached skill level 1 in Invocations
 29723 | Orc:2    | Reached XP level 16. HP: 71/139 MP: 16/16
 29883 | Orc:2    | Found a roughly hewn altar of Beogh.
 29942 | Orc:2    | Learned a level 2 spell: Blink
 29948 | Orc:2    | Found a staircase to the Elven Halls.
 30078 | Orc:2    | Found Imigur Uffu's Distillery.
 30078 | Orc:2    | Found Gaburots's Distillery.
 30354 | Orc:2    | Bought a potion of heal wounds for 90 gold pieces
 30356 | Orc:2    | Bought a potion of heal wounds for 80 gold pieces
 31094 | Orc:2    | Reached skill level 5 in Invocations
 31098 | Orc:2    | Paralysed by an orc sorcerer for 2 turns
 31110 | Orc:2    | Found Jetz's Jewellery Emporium.
 31110 | Orc:2    | Found Byus Ciu's Antique Armour Shoppe.
 31111 | Orc:2    | Found a one-way gate leading to the halls of Pandemonium.
 31127 | Orc:2    | Bought a pair of masterwork boots for 275 gold pieces
 31127 | Orc:2    | Identified the +2 pair of boots of Xousem {Regen+ Dex+6}
                  | (You bought it in a shop on level 2 of the Orcish Mines)
 31144 | Orc:2    | Bought the ring of Adoyteva {Fly rC+ Will+} for 482 gold
                  | pieces
 31156 | Orc:2    | Bought a transparent chain mail for 275 gold pieces
 31156 | Orc:2    | Identified the +0 chain mail of the Forest {Drain rElec
                  | rC+++ Dex-5} (You bought it in a shop on level 2 of the
                  | Orcish Mines)
 31718 | Shoals:1 | Entered Level 1 of the Shoals
 31733 | Shoals:1 | Identified the +1 hat "Hiumpival" {Int+5} (Okawaru gifted
                  | it to you on level 1 of the Shoals)
 31733 | Shoals:1 | Received a gift from Okawaru
 31831 | Shoals:1 | Noticed Mlioglotl
 31833 | Shoals:1 | Identified the +6 chain mail of Melancholy {Str+4}
 32034 | Shoals:1 | Noticed Aizul
 32050 | Shoals:1 | Killed Aizul
 32285 | Shoals:1 | Found a runed translucent gate.
 32285 | Shoals:1 | Found a runed translucent gate.
 32285 | Shoals:1 | Found a runed translucent gate.
 32305 | Shoals:1 | Found an opulent altar of Gozag.
 32305 | Shoals:1 | Found Segiexoo's Assorted Antiques.
 32312 | Shoals:1 | Noticed topfpfpflanze's ghost (adept OpMo)
 32765 | Shoals:2 | Identified the +1 robe "Yntucyl" {rC+ Int+5}
 32811 | Shoals:4 | Entered Level 4 of the Shoals
 32998 | D:8      | Killed oldnick's ghost
 33416 | Shoals:4 | Noticed Ilsuiw
 33424 | Arena    | Entered the Arena
 33437 | Arena    | Killed Ilsuiw
 33471 | Shoals:4 | Reached skill level 15 in Armour
 33800 | Shoals:4 | Got a barnacled rune of Zot
 33979 | Shoals:4 | Received a gift from Okawaru
 33998 | Shoals:4 | Identified the +7 battleaxe "Bobuaxkau" {spect, rF++ rC-
                  | Will+ rCorr}
 34057 | Shoals:4 | Reached XP level 17. HP: 104/152 MP: 23/23
 34201 | Shoals:4 | Reached skill level 1 in Dodging
 34917 | Shoals:3 | Reached skill level 5 in Dodging
 36481 | Snake:1  | Entered Level 1 of the Snake Pit
 36481 | Snake:1  | Found a runed translucent gate.
 36481 | Snake:1  | Found a runed translucent gate.
 36481 | Snake:1  | Found a runed translucent gate.
 36490 | Snake:1  | Noticed Anriel's ghost (adept HuGl)
 36518 | Snake:1  | Killed Anriel's ghost
 36721 | Snake:1  | Received a gift from Okawaru
 36721 | Snake:1  | Found the +5 robe of Misfortune {Harm *Corrode *Slow EV+5}
 37157 | Snake:1  | Found Genyqowa's Book Emporium.
 37158 | Snake:1  | Found Bokhla Xuxogg's Jewellery Shop.
 37159 | Snake:1  | Found Biqoel's Book Emporium.
 37167 | Snake:1  | Bought the ring "Xunuqiah" {rElec rPois rC+ SInv Stlth-}
                  | for 552 gold pieces
 37473 | Snake:2  | Found Kaaton's Distillery.
 37880 | Snake:2  | Found Ryigyrae's Antique Armour Boutique.
 37888 | Snake:2  | Bought a pair of jewelled boots for 351 gold pieces
 37888 | Snake:2  | Identified the +1 pair of boots of Powerful Miracles {rN+}
                  | (You bought it in a shop on level 2 of the Snake Pit)
 38295 | Snake:3  | Found Edghuorae's Armour Emporium.
 38552 | Snake:3  | Reached XP level 18. HP: 146/160 MP: 17/24
 38647 | Snake:3  | Reached skill level 10 in Dodging
 39002 | Snake:4  | Entered Level 4 of the Snake Pit
 39114 | D:10     | Bought a scroll of magic mapping for 187 gold pieces
 39374 | Snake:4  | Identified the +3 chain mail of Okawaru's Esteem {Regen+}
                  | (Okawaru gifted it to you on level 4 of the Snake Pit)
 39374 | Snake:4  | Received a gift from Okawaru
 39532 | Snake:4  | Found Gung's Armour Emporium.
 39532 | Snake:4  | Found Umnowkyt's Jewellery Shoppe.
 39545 | Snake:4  | Reached skill level 15 in Fighting
 39565 | Snake:4  | Found Vuitypp's Book Emporium.
 39565 | Snake:4  | Found Qapnuz's Jewellery Shoppe.
 40748 | Snake:4  | Noticed a quicksilver dragon
 40748 | Snake:4  | Noticed a quicksilver dragon
 40756 | Snake:4  | Killed a quicksilver dragon
 40761 | Snake:4  | Killed a quicksilver dragon
 40770 | Snake:4  | Got a serpentine rune of Zot
 41624 | Elf:1    | Entered Level 1 of the Elven Halls
 41643 | Elf:1    | Found a radiant altar of Vehumet.
 41778 | Elf:1    | Received a gift from Okawaru
 41933 | Elf:1    | Paralysed by an air elemental for 1 turns
 42406 | Elf:1    | Noticed a Brimstone Fiend
 42431 | Elf:1    | Reached XP level 19. HP: 167/172 MP: 25/25
 42944 | Elf:2    | Found an ancient bone altar of Kikubaaqudgha.
 42974 | Elf:2    | Received a gift from Okawaru
 42974 | Elf:2    | Found the +4 robe of Folly {Brilliance Will-∞ Int+8}
 43205 | Elf:2    | Found Keibyim's Distillery.
 43211 | Elf:2    | Bought a potion of heal wounds for 90 gold pieces
 43267 | Elf:2    | Found a runed translucent gate.
 43268 | Elf:2    | Found a runed translucent gate.
 43274 | Elf:2    | Found a runed translucent gate.
 43400 | Elf:3    | Entered Level 3 of the Elven Halls
 44538 | Depths:1 | Entered Level 1 of the Depths
 44609 | Depths:1 | Noticed Asterion
 44622 | Depths:1 | Killed Asterion
 44682 | Depths:1 | Noticed a dread lich
 44682 | Depths:1 | Found a one-way gateway to a ziggurat.
 44705 | Depths:1 | Noticed a Hell Sentinel
 44816 | Vaults:1 | Entered Level 1 of the Vaults
 44990 | Vaults:1 | Identified the +1 ring mail of Untruth {rElec rPois rF++
                  | rC+} (Okawaru gifted it to you on level 1 of the Vaults)
 44990 | Vaults:1 | Received a gift from Okawaru
 45280 | Vaults:1 | Found a large runed translucent door.
 45280 | Vaults:1 | Found a large runed translucent door.
 45280 | Vaults:1 | Noticed matti1234's ghost (adept KoEn)
 45308 | Vaults:1 | Reached XP level 20. HP: 147/187 MP: 24/26
 46463 | Vaults:1 | Received a gift from Okawaru
 47179 | Vaults:2 | Identified the +1 mace of Regicide {freeze, Int+5}
 47194 | Vaults:2 | Received a gift from Okawaru
 47734 | Vaults:2 | Found a staircase to the Crypt.
 47764 | Vaults:2 | Found a flickering gateway to a bazaar.
 47980 | Bazaar   | Entered a bazaar
 47982 | Bazaar   | Found Zuha's General Store.
 48034 | Bazaar   | Found Curo's General Store.
 48071 | Bazaar   | Found Tisot's Distillery.
 48126 | Bazaar   | Bought a scroll of magic mapping for 127 gold pieces
 48443 | Vaults:3 | You are sucked into a shaft and drop 1 floor!
 48453 | Vaults:4 | Received a gift from Okawaru
 48499 | Vaults:4 | Reached XP level 21. HP: 186/199 MP: 27/27
 48534 | Vaults:4 | Noticed Boris
 48545 | Vaults:4 | Killed Boris
 48773 | Vaults:4 | Identified the +1 scale mail of the Unbroken {Int+5}
 49037 | Vaults:4 | Received a gift from Okawaru
 49753 | Vaults:4 | Received a gift from Okawaru
 50257 | Vaults:3 | Identified the +1 kite shield of the Shimmering Gods {+Inv
                  | Slay+2}
 50257 | Vaults:3 | Noticed Donald
 50264 | Vaults:3 | Killed Donald
 50494 | Vaults:3 | Reached skill level 15 in Dodging
 50716 | Vaults:3 | Received a gift from Okawaru
 50881 | Vaults:3 | Noticed Bai Suzhen
 50884 | Arena    | Entered the Arena
 50895 | Arena    | Killed Bai Suzhen
 50896 | Arena    | Reached XP level 22. HP: 160/213 MP: 1/28
 51782 | Elf:3    | Found Qahuewiu's Weapon Shop.
 51808 | Abyss:3  | Found a corrupted altar of Lugonu.
 51808 | Abyss:3  | Cast into level 3 of the Abyss (+0 scimitar of distortion)
 52071 | Abyss:4  | Gained mutation: Your mind is acute. (Int +4, Str/Dex -1)
                  | [a neqoxec]
 52127 | Abyss:5  | Noticed a dread lich
 52259 | Arena    | Entered the Arena
 52279 | Abyss:5  | Found a corrupted altar of Lugonu.
 52306 | Abyss:5  | Identified the +3 battleaxe of Purpose {venom, rF+ rC-
                  | Will+ Int+3} (Okawaru gifted it to you on level 5 of the
                  | Abyss)
 52306 | Abyss:5  | Received a gift from Okawaru
 52343 | Abyss:5  | Lost mutation: Your mind is acute. (Int +4, Str/Dex -1) [a
                  | neqoxec]
 52379 | Abyss:5  | Got an abyssal rune of Zot
 52394 | Elf:3    | Escaped the Abyss
 53113 | Elf:3    | Identified a scroll of acquirement
 53155 | Elf:3    | Identified the amulet "Ope Sag" {Reflect Rampage Will-
                  | Str+8 SH+5}
 53169 | Elf:3    | Identified the ring of Fragile Peace {rN+ Will- Dex+6}
 53183 | Elf:3    | Received a gift from Okawaru
 53399 | Elf:3    | Identified the +4 battleaxe "Muoplujy" {freeze, rElec
                  | rCorr}
 53446 | Elf:3    | Identified the +7 rapier of Blood-Lust {vorpal, rC+ rN+
                  | Int+3 SInv}
 53451 | Elf:3    | Identified the +1 longbow "Nurphos" {flame, Will+ Int+4
                  | Dex-3}
 53485 | Elf:3    | Identified the +3 ring mail of Grot {Will- rCorr Int+5
                  | Stlth+}
 53503 | Elf:3    | Identified the +0 ring mail of Vunist {rC+ Str+2}
 53862 | Slime:1  | Entered Level 1 of the Pits of Slime
 54340 | Slime:2  | Reached XP level 23. HP: 215/227 MP: 29/29
 54492 | Slime:2  | Gained mutation: You are clumsy. (Dex -2) [a shining eye]
 54523 | Slime:2  | Gained mutation: Potions are less effective at restoring
                  | your health. [a shining eye]
 54524 | Slime:2  | Gained mutation: You sometimes lose your temper in combat.
                  | [a shining eye]
 54535 | Slime:2  | Gained mutation: You are frail. (-10% HP) [a shining eye]
 54536 | Slime:2  | Gained mutation: Armour fits poorly on your strangely
                  | shaped body. [a shining eye]
 54539 | Slime:2  | Gained mutation: Your magical capacity is low. (-10% MP) [a
                  | shining eye]
 54541 | Slime:2  | Gained mutation: Your body sometimes deteriorates upon
                  | taking damage. [a shining eye]
 54545 | Slime:2  | Gained mutation: You are dopey. (Int -2) [a shining eye]
 54680 | Slime:1  | Identified the +5 morningstar of True Grit {drain, rF-
                  | Will+++ rCorr Stlth-} (Okawaru gifted it to you on level 1
                  | of the Pits of Slime)
 54680 | Slime:1  | Received a gift from Okawaru
 54998 | Temple   | Fell from the grace of Okawaru
 54998 | Temple   | Became a worshipper of Zin the Law-Giver
 54998 | Temple   | Reached * piety under Zin
 54998 | Temple   | Reached ** piety under Zin
 54999 | Temple   | Donated 1026 gold pieces to Zin
 55022 | D:8      | Reached *** piety under Zin
 55154 | Vaults:1 | Reached **** piety under Zin
 55283 | Crypt:1  | Entered Level 1 of the Crypt
 55375 | Crypt:1  | Found a basalt altar of Yredelemnul.
 55375 | Crypt:1  | Noticed Zenata
 55395 | Crypt:1  | Killed Zenata
 55445 | Crypt:1  | Acquired 1048 gold pieces
 55446 | Crypt:1  | Reached ***** piety under Zin
 55449 | Crypt:1  | Donated 1014 gold pieces to Zin
 55760 | Crypt:1  | Reached ****** piety under Zin
 56043 | Temple   | Lost mutation: You are frail. (-10% HP) [potion of
                  | mutation]
 56043 | Temple   | Lost mutation: You sometimes lose your temper in combat.
                  | [potion of mutation]
 56044 | Temple   | Lost mutation: Your body sometimes deteriorates upon taking
                  | damage. [potion of mutation]
 56044 | Temple   | Lost mutation: You are clumsy. (Dex -2) [potion of
                  | mutation]
 56044 | Temple   | Lost mutation: Your magical capacity is low. (-10% MP)
                  | [potion of mutation]
 56072 | D:8      | Lost mutation: Potions are less effective at restoring your
                  | health. [potion of mutation]
 56072 | D:8      | Lost mutation: You are dopey. (Int -2) [potion of mutation]
 56090 | D:8      | Lost mutation: Armour fits poorly on your strangely shaped
                  | body. [potion of mutation]
 56115 | Temple   | Fell from the grace of Zin
 56115 | Temple   | Became a worshipper of the Shining One
 56115 | Temple   | Reached * piety under the Shining One
 56115 | Temple   | Reached ** piety under the Shining One
 56115 | Temple   | Reached *** piety under the Shining One
 56533 | Crypt:1  | Reached **** piety under the Shining One
 56568 | Crypt:1  | Found an ancient bone altar of Kikubaaqudgha.
 56572 | Crypt:1  | Found a runed translucent door.
 56584 | Crypt:1  | Noticed Roocroe's ghost (veteran MiGl)
 56904 | Crypt:1  | Reached skill level 10 in Invocations
 57008 | Crypt:1  | Reached ***** piety under the Shining One
 57393 | Crypt:1  | Identified the +1 ring mail "Tythegeo" {Fly rCorr}
 57815 | Crypt:2  | Reached ****** piety under the Shining One
 58062 | Crypt:2  | Identified a +6 executioner's axe of holy wrath (a +4
                  | executioner's axe blessed by the Shining One)
 58062 | Crypt:2  | Received a gift from the Shining One
 58102 | Crypt:2  | Reached skill level 27 in Fighting
 58786 | Crypt:3  | Entered Level 3 of the Crypt
 58900 | Crypt:3  | Identified the ring "Jimy" {+Blink rC+ Will+ Str-2 Int+4}
 59765 | Crypt:3  | Reached XP level 24. HP: 249/249 MP: 32/32
 59983 | Crypt:3  | Found a staircase to the Tomb.
 60282 | Crypt:3  | Found an ancient bone altar of Kikubaaqudgha.
 60330 | Crypt:3  | Noticed an ancient lich
 60338 | Crypt:3  | Killed an ancient lich
 60602 | Crypt:3  | Identified the amulet "Gigekkeo" {Fly Will- Regen+ Int+4
                  | SInv}
 60602 | Crypt:3  | Identified the ring of Gezanaucs {rN+ Will+}
 60602 | Crypt:3  | Identified the ring of Ishenkui {rF+ rN+}
 61008 | Vaults:5 | Entered Level 5 of the Vaults
 61308 | Vaults:5 | Reached skill level 15 in Invocations
 61510 | Vaults:5 | Noticed an ancient lich
 61516 | Vaults:5 | Killed an ancient lich
 61559 | Vaults:5 | Noticed Boris
 61569 | Vaults:5 | Killed Boris
 62397 | Vaults:5 | Got a silver rune of Zot
 62540 | Vaults:5 | Noticed an ancient lich
 62549 | Vaults:5 | Killed an ancient lich
 62692 | Vaults:5 | Got the Octavo of Damaging Feathers
 62695 | Vaults:5 | Identified the +2 leather armour "Nycoagic" {Dex+3}
 62721 | Vaults:5 | Was forgiven by Okawaru
 62897 | Vaults:5 | Reached XP level 25. HP: 257/257 MP: 35/35
 63101 | Vaults:5 | Found the +10 tower shield of Ignorance {rN+ Int-4}
 63378 | Vaults:5 | Got the Handbook of the Traveller
 63696 | Vaults:5 | Noticed a dread lich
 63704 | Vaults:5 | Killed a dread lich
 64225 | Depths:1 | Paralysed by a dread lich for 3 turns
 64231 | Depths:1 | Killed a dread lich
 64428 | Depths:1 | Found a one-way gate to the infinite horrors of the Abyss.
 64484 | Depths:1 | Paralysed by a floating eye for 4 turns
 64534 | Depths:1 | Noticed Saint Roka
 64551 | Depths:1 | Killed Saint Roka
 64763 | Depths:1 | Noticed a juggernaut
 64769 | Depths:1 | Killed a juggernaut
 64995 | Depths:1 | Found a gateway to Hell.
 65739 | Depths:2 | Reached XP level 26. HP: 132/266 MP: 37/37
 67006 | Depths:3 | Found a blossoming altar of Fedhas.
 67570 | Depths:3 | Identified the +1 robe of Inkourei {rElec rC- rN+ SInv}
 67573 | Depths:3 | Identified the +2 spear of Contention {spect, rPois rN++
                  | MP-9}
 67575 | Depths:3 | Identified the ring "Piwij" {rF+ rCorr Int+4 Dex+3}
 67879 | Depths:3 | You are sucked into a shaft and drop 1 floor!
 67879 | Depths:4 | Entered Level 4 of the Depths
 68093 | Depths:4 | Reached skill level 27 in Armour
 68645 | Depths:4 | Found a gate to the Realm of Zot.
 68787 | Hell     | Entered the Vestibule of Hell
 68787 | Hell     | Noticed Geryon
 68810 | Hell     | Reached XP level 27. HP: 220/273 MP: 39/39
 68827 | Hell     | Killed Geryon
 68886 | Hell     | Found a gateway to the Iron City of Dis.
 68930 | Hell     | Found a gateway to the ashen valley of Gehenna.
 69053 | Hell     | Found a gateway to the decaying netherworld of Tartarus.
 69103 | Hell     | Found a gateway to the freezing wastes of Cocytus.
 69468 | Snake:1  | Bought the ring "Rofesir" {rF+ rCorr AC+4 Int-2} for 616
                  | gold pieces
 69713 | Pan      | Entered Pandemonium
 69781 | Pan      | Reached skill level 27 in Invocations
 69876 | Pan      | Noticed Iseikixe the pandemonium lord
 69888 | Pan      | Killed Iseikixe the pandemonium lord
 69999 | Pan      | Noticed Xusefust the pandemonium lord
 70003 | Pan      | Killed Xusefust the pandemonium lord
 70038 | Pan      | Noticed Mennas
 70062 | Pan      | Killed Mennas
 70136 | Pan      | Found a transporter.
 70149 | Pan      | Found a transporter.
 70483 | Pan      | Noticed Xecu the pandemonium lord
 70652 | Pan      | Noticed Ciafruoh the pandemonium lord
 70689 | Pan      | Killed Ciafruoh the pandemonium lord
 70900 | Pan      | Noticed Qoidat Litz the pandemonium lord
 70948 | Pan      | Gained mutation: You sometimes lose your temper in combat.
                  | [a cacodemon]
 71054 | Pan      | Found an exit through the horrors of the Abyss.
 71404 | Pan      | Noticed Goziekh the pandemonium lord
 71420 | Pan      | Killed Goziekh the pandemonium lord
 71484 | Pan      | Entered the realm of Gloorx Vloq.
 71802 | Pan      | Found an exit through the horrors of the Abyss.
 71957 | Pan      | Noticed Gloorx Vloq
 71969 | Pan      | HP: 20/409 [Executioner (6)]
 71970 | Pan      | HP: 5/409 [Gloorx Vloq (7)]
 71971 | Pan      | Killed from afar by Gloorx Vloq

Illustrated notes

Levels and vault maps discovered:
D:1:      dpeg_arrival_stone_temple_mockup, layout_loops_cross,
          basic_ecumenical_altar, chequers_serial_rivers_room_b,
          minmay_circled_x
D:2:      layout_rooms, basic_altar
D:3:      layout_basic, nicolae_ru_the_path_less_chosen
D:4:      layout_loops_ring, uniq_robin
D:5:      layout_cave_pools, kennysheep_mini, led_sif_book
D:6:      minmay_klotski, layout_cave_pools, mainiacjoe_overflow_alcove_1,
          grunt_dithmenos_smoke, mainiacjoe_overflow_24_doors,
          minmay_strange_pillars
D:7:      layout_loops_ring, minmay_temple_entry_offerings, serial_shops, shop,
          chequers_serial_rivers_room_a, st_stairs_5
D:8:      layout_cave_pools, lemuel_round_altar, mainiacjoe_overflow_brackets,
          gammafunk_ghost_spectres, minmay_alternating_orb
D:9:      old_forge, layout_layer_cave, mainiacjoe_overflow_chevrons,
          serial_glass, glass_columns_a, glass_columns_b, glass_columns_a,
          glass_columns_a, glass_columns_b, uniq_erolcha
D:10:     layout_roguey, nicolae_overflow_hallway_of_the_gods, serial_shops,
          nicolae_shop_overgrown_old_shop, uniq_grum
D:11:     layout_roguey, nzn_ghost_randoct, hangedman_batty, uniq_amaemon
D:12:     layout_loops_cross, david_orc_5
D:13:     layout_gridville, david_vaults_3, serial_rivers,
          chequers_serial_rivers_small_a, chequers_serial_rivers_small_a,
          chequers_serial_rivers_marsh, chequers_serial_rivers_large_a,
          chequers_serial_rivers_micro_d, chequers_serial_rivers_micro_c,
          minivault_19, nicolae_elyvilon_temple_path
D:14:     layout_rooms, nicolae_ashenzari_skybound, serial_shops,
          nicolae_shop_statue_plus, hellmonk_jugg_or_not
D:15:     grunt_enter_depths_hoard, layout_loops_ring, small_statue_intersection
Temple:   nicolae_temple_ecumenical_triangle
Lair:1:   layout_hall_layers, minivault_24
Lair:2:   layout_regular_city, shoals_dummy_entry,
          minmay_snake_entry_six_corridors, lemuel_fruit_tree
Lair:3:   layout_hall_layers, serial_bayou_shore_b, infiniplex_staircase_pool,
          grunt_megastairs_5, serial_bayou_shore_a
Lair:4:   layout_gridlike, slime_entry_1, disabler_island, uniq_urug, uniq_snorg
Lair:5:   evilmike_catoblepas_cave, layout_gridlike, kilobyte_rumbling_trees
Shoals:1: layout_shoals, ebering_ghost_gozag, uniq_mlioglotl, uniq_aizul
Shoals:2: layout_shoals
Shoals:3: layout_shoals
Shoals:4: shoals_end_grunt_garden, layout_shoals, shoal_ilsuiw
Snake:1:  layout_onion, ebering_ghost_rock_garden, st_stairs_9,
          minmay_shop_grove, grunt_megastairs_1
Snake:2:  layout_layer_cave, serial_shops, shop_fountains, grunt_ministairs_3,
          drop_trap, minmay_shop_star
Snake:3:  layout_misc_corridors, serial_shops,
          nicolae_shop_competitors_out_of_business
Snake:4:  hellmonk_snake_rune_quicksilver_temple, layout_cave_town,
          serial_bayou_shore_b, minmay_shoptagon
Slime:1:  layout_caves
Slime:2:  layout_caves, nicolae_slime_round_cave
Orc:1:    layout_diamond_mine, uniq_nergalle
Orc:2:    pf_orc_diabolical, layout_caves, david_defended_altar_orc
Elf:1:    eino_elf_arrival_altar, layout_onion_city, minmay_elf_crystal_hexagon
Elf:2:    elven_hall_of_blades_hangedman_original [mumra_blade_entry_bloodbath],
          layout_gridlike, serial_shops, shop, basic_altar
Elf:3:    grunt_elf_hall_asides, layout_geoelf_diagonals, serial_shops,
          nicolae_shop_crystal, hangedman_decor_cross_pass
Vaults:1: advil_vaults_ghost_guards, vaults_standard_mumra_lines, v_rooms_1,
          v_rooms_5, dpeg_vaults_hating_casters, vaults_room_corners,
          nicolae_vaults_asterisk, ontoclasm_vaults_chip,
          nicolae_vaults_stairing_the_circle, vaults_dpeg_hooks,
          layout_vaults_omnigrid
Vaults:2: blue_anna_dwarven_crypt, ontoclasm_vaults_misaligned,
          vaults_room_boxed, v_misc_2, ontoclasm_vaults_bender,
          nicolae_vaults_network_star, nicolae_vaults_network_square,
          nicolae_vaults_bisected_slash, v_misc_23, vaults_room_hallway,
          v_misc_18, vaults_room_hangedman_quadrants, v_misc_17,
          layout_vaults_omnicross, serial_shops, bzr_in_the_mist
Vaults:3: nicolae_vaults_inception_statues, hangedman_vaults_corner,
          nicolae_vaults_hallways_thing, vaults_room_corners,
          nicolae_vaults_little_squares_2, nicolae_vaults_network_s,
          nicolae_vaults_big_ls, nicolae_vaults_little_ls,
          hangedman_vaults_nodes, layout_vaults_omnibox, uniq_bai_suzhen,
          uniq_donald
Vaults:4: nicolae_vaults_border_crossing, v_misc_1, vaults_dpeg_cross, v_misc_2,
          nicolae_vaults_little_squares_4, v_misc_19, v_misc_9,
          ontoclasm_vaults_spin, ontoclasm_vaults_gateway, v_rooms_6, v_misc_16,
          nicolae_vaults_shelves_hall, layout_vaults_ring, uniq_boris
Vaults:5
Crypt:1:  nicolae_crypt_knochenhaus, layout_basic, hellmonk_ghost_big_iron,
          hangedman_feature_mirror, minmay_misc_feat_five, nicolae_crypt_niches,
          uniq_zenata
Crypt:2:  layout_gridlike, nicolae_crypt_crumbling_hall, grunt_megastairs_2
Crypt:3:  quadcrypt_mu
Depths:1: layout_gridville, enter_ziggurat_c, skrybe_limestone_x, hellmouth_1,
          abyss_entry_small_statue_room, grunt_potential, uniq_asterion,
          uniq_saint_roka
Depths:2: minmay_crescents, layout_twisted_cross, rand_demon_pan_entry_5,
          pf_coc_iceberg, grunt_ministairs_5, serial_bayou_shore_b
Depths:3: grunt_x_marks_the_spot, layout_basic, hell_entry, abyss_entry,
          fedhas_altar_1, minmay_staircase_statues
Depths:4: evilmike_zot_entry_basic, layout_cave_pools, nicolae_lava_and_water,
          grunt_mini_vestibule
Hell
Pan:      evilmike_mini_pan_layers, layout_irregular_city, pan_blood_fountain,
          rand_demon_6, layout_pan_divisions_a [pan_division_quadrant_a3,
          pan_division_quadrant_a3, pan_division_quadrant_a1,
          pan_division_quadrant_a5, pan_division_octagon_altar],
          nicolae_pan_sigil_eeng, rand_demon_6, layout_basic,
          pan_blood_fountain_small, gammafunk_the_bubble
          [the_bubble_gammafunk_crates], layout_long_grid, uniq_mennas_pan,
          pan_surprise, evilmike_mini_pan_doors_b, layout_stronghold,
          nicolae_pan_sigil_uleosi, rand_demon_6, layout_gridlike,
          pan_blood_fountain, evilmike_mini_pan_corridor, layout_grid_shapes,
          nicolae_pan_strange_glyphs [nicolae_pan_strange_glyph_rage,
          nicolae_pan_strange_glyph_rage,
          nicolae_pan_strange_glyph_disappointment,
          nicolae_pan_strange_glyph_humiliation], nicolae_pan_gloorx_vloqian_1,
          rand_demon_3, layout_cellular_growth, pan_blood_fountain,
          nicolae_pan_diamonds, layout_stronghold, pan_blood_fountain,
          pan_blood_fountain_2, nicolae_pan_lom_lobonic_2, grunt_pan_in_and_out,
          layout_gridlike, grunt_pan_spiral, layout_basic,
          nicolae_pan_sigil_eeng, gloorx_vloq_st, layout_irregular_city,
          pan_blood_fountain, nicolae_pan_mnolegish_5

Skill      XL: |  1  2  3  4  5  6  7  8  9 10 11 12 13 14 15 16 17 18 19 20 21 22 23 24 25 26 27 |
---------------+----------------------------------------------------------------------------------+-----
Axes           | 3 4 5 6 8 9 12 14 17 19 21 24 26 27 | 27.0
Fighting       | 4 5 6 7 9 10 12 14 16 17 19 21 23 27 | 27.0
Armour         | 6 9 10 11 13 15 16 18 19 20 21 22 24 25 27 | 27.0
Shields        | 6 9 10 | 10.2
Invocations    | 1 8 13 17 20 24 27 | 27.0
Dodging        | 9 11 12 14 15 16 19 | 19.3

Action                   |  1- 3 |  4- 6 |  7- 9 | 10-12 | 13-15 | 16-18 | 19-21 | 22-24 | 25-27 || total
-------------------------+-------+-------+-------+-------+-------+-------+-------+-------+-------++-------
Melee: War axe           |   109 |   133 |   187 |   580 |   438 |       |       |       |       ||  1447
       Battleaxe         |       |       |       |       |   525 |  1041 |   959 |  1312 |  1354 ||  5191
Invok: Heroism           |       |       |       |    10 |    16 |    18 |    14 |     7 |       ||    65
       Finesse           |       |       |       |       |       |     3 |     5 |     1 |       ||     9
       Duel              |       |       |       |       |       |     1 |     1 |     1 |       ||     3
       Summon Divine War |       |       |       |       |       |       |       |     4 |     9 ||    13
       Cleansing Flame   |       |       |       |       |       |       |       |     2 |     2 ||     4
       Donate Gold       |       |       |       |       |       |       |       |     2 |       ||     2
       Divine Shield     |       |       |       |       |       |       |       |     2 |    19 ||    21
       Vitalisation      |       |       |       |       |       |       |       |     1 |       ||     1
       Brand Weapon With |       |       |       |       |       |       |       |     1 |       ||     1
Evoke: Wand              |       |       |       |     8 |     1 |     3 |       |       |     2 ||    14
  Use: Scroll            |     5 |     8 |     6 |    11 |     8 |     6 |     9 |    33 |     5 ||    91
       Potion            |       |     1 |     4 |     2 |     4 |     3 |     3 |    20 |     3 ||    40
 Stab: Distracted        |       |       |       |       |       |     9 |    30 |     7 |       ||    46
       Invisible         |       |       |       |       |       |       |     2 |       |       ||     2
Armor: Scale mail        |    45 |    60 |       |       |       |       |       |       |       ||   105
       Chain mail        |       |     1 |    71 |   161 |   475 |   404 |   421 |   487 |   497 ||  2517
       Skin              |       |       |    14 |       |       |       |       |       |       ||    14
Dodge: Dodged            |    47 |    56 |    43 |   145 |   288 |   394 |   469 |   635 |   578 ||  2655
Block: Buckler           |    19 |    30 |    32 |   103 |   123 |       |       |       |       ||   307
       Other             |       |       |       |       |       |       |       |   106 |   544 ||   650
       Reflection        |       |       |       |       |       |       |       |     7 |     4 ||    11
